 Dungeon Crawl Stone Soup version 0.29.0-5-ge4962eb29e (webtiles) character file.

Game seed: 10967073148405938082

154 sanka the Slasher (level 5, 0/45 HPs)
             Began as a Meteoran Delver on Aug 28, 2022.
             Succumbed to a scorpion's poison
             ... on level 5 of the Dungeon.
             The game lasted 00:01:19 (233 turns).

sanka the Slasher (Meteoran Delver)                  Turns: 233, Time: 00:01:20

Health: 0/45       AC:  3    Str: 13    XL:     5   Next: 94%
Magic:  6/6        EV: 12    Int: 12    God:
Gold:   14         SH:  0    Dex: 17    Spells: 4/4 levels left

rFire   . . .      SeeInvis .   h - +2 falchion (elec)
rCold   . . .      Faith    .   (no shield)
rNeg    . . .      Spirit   .   a - +0 leather armour
rPois   .          Reflect  .   (no helmet)
rElec   .          Harm     .   (no cloak)
rCorr   .          Rampage  .   (no gloves)
Will    .....                   (no boots)
Stlth   +.........              (no amulet)
HPRegen 0.15/turn               (no ring)
MPRegen 0.10/turn               (no ring)

@: lethally poisoned (0 -> -7), glowing
A: sense surroundings 1, otherworldly, glowing, explore regen
a: no special abilities


You were on level 5 of the Dungeon.
You visited 1 branch of the dungeon, and saw 2 of its levels.

You collected 14 gold pieces.


Innate Abilities, Weirdness & Mutations

You passively map a small area around you.
You are easily found by Zot.
You glow in the dark.
You regain HP and MP as you explore.


   Skills:
 - Level 3.2 Fighting
 + Level 5.9 Long Blades
 - Level 2.4 Dodging
 - Level 3.7 Stealth
 - Level 2.4 Unarmed Combat


You had 4 spell levels left.
You didn't know any spells.
Your spell library was empty.

Inventory:

Hand Weapons
 h - a +2 falchion of electrocution (weapon)
Armour
 a - a +0 leather armour (worn)
Wands
 f - a wand of digging (3)
Scrolls
 b - a scroll of fog
 c - a scroll of magic mapping
 d - a scroll of fear
 g - 2 scrolls of enchant weapon {unknown}
Potions
 e - a potion of haste {@q3}

Dungeon Overview and Level Annotations

Branches:
Dungeon (5/15) Zot: 962
 Temple: D:4-7

Altars:

▒.▒ , ▒.▒ .▒ ▒.▒ ▒.▒ ▒.
▒.▒ ▒.▒ ▒. ▒.▒ ▒.▒ ▒.
▒.▒ ▒.▒ ▒.▒ ▒.▒▒▒▒▒▒.▒
▒▒.▒▒ .........▒
▒▒<..▒▒
▒.▒▒▒▒...▒▒▒....p▒▒
...(.†.▒..▒.......▒▒▒▒▒
▒.▒▒▒▒..............<.▒
▒.▒ ▒▒▒.▒.▒.......▒▒▒.▒
.▒.▒▒...▒.▒▒...†.▒▒ ░ ░
▒ ▒▒......▒▒....▒▒ ,
▒...<.......▒▒ ,
░▒...†..▒▒▒▒▒▒
........▒.▒


There were no monsters in sight!


Message History

The scorpion stings you.
* * * LOW HITPOINT WARNING * * *
You are poisoned.
The scorpion poisons you!
You slash the scorpion!
The scorpion is heavily wounded.
You feel sick. The scorpion stings you!
* * * LOW HITPOINT WARNING * * *
Unknown command.
You hit the scorpion.
The scorpion is severely wounded.
You feel sick. The scorpion stings you.
* * * LOW HITPOINT WARNING * * *
You are lethally poisoned!
The scorpion poisons you!
You hit the scorpion.
Lightning courses through the scorpion!!
You kill the scorpion!
* * * LOW HITPOINT WARNING * * *
You feel very sick.
Unknown command.
Unknown command.
Okay, then.
* * * LOW HITPOINT WARNING * * *
You feel very sick.
* * * LOW HITPOINT WARNING * * *
You feel sick.
You die...

Action                   |  1- 3 |  4- 6 || total
-------------------------+-------+-------++-------
Melee: Falchion          |    20 |     6 ||    26
       Unarmed           |     1 |       ||     1
       Punch             |     1 |       ||     1
Armor: Leather armour    |    18 |     1 ||    19
Dodge: Dodged            |    25 |     1 ||    26

Levels and vault maps discovered:
D:4:      minmay_inner_zag, layout_basic, roderic_serpentine_path,
          hangedman_decor_lopped, minmay_misc_feat_four_crosses
D:5:      layout_loops_ring, minmay_hedge_maze

Notes
Turn   | Place    | Note
-------+----------+-------------------------------------------
     0 | D:5      | sanka the Meteoran Delver began the quest for the Orb.
     0 | D:5      | Reached XP level 1. HP: 19/19 MP: 2/2
    72 | D:5      | Reached skill level 2 in Long Blades
    72 | D:5      | Reached XP level 2. HP: 7/26 MP: 3/3
   194 | D:5      | Noticed a scorpion
   205 | D:5      | Killed a scorpion
   206 | D:5      | Reached skill level 4 in Long Blades
   206 | D:5      | Reached XP level 3. HP: 17/31 MP: 4/4
   206 | D:5      | Reached XP level 4. HP: 20/38 MP: 5/5
   220 | D:5      | Reached skill level 5 in Long Blades
   220 | D:5      | Reached XP level 5. HP: 17/45 MP: 6/6
   231 | D:5      | HP: 4/45 [poisoned by a scorpion]
   233 | D:5      | Succumbed to a scorpion's poison

Vanquished Creatures
  2 scorpions (D:5)
  An iguana (D:5)
  An adder (D:5)
  2 jackals (D:5)
  A quokka (D:4)
7 creatures vanquished.
